[Event "Daylong Daily Classical Arena"]
[Site "https://chessrook.com/A1wISyXuuD"]
[Date "2025.04.11"]
[White "davisjoshua"]
[Black "mosur_fabian"]
[Result "1-0"]
[WhiteElo "2133"]
[BlackElo "2151"]
[PlyCount "211"]
[Variant "Standard"]
[TimeControl "1200+0"]
[ECO "B01"]
[Opening "Scandinavian Defense"]
[Termination "Normal"]
[Annotator "chessrook.com"]

1. e4 d5 { B01 Scandinavian Defense } 2. e5 d4 3. Bb5+ c6 4. Bc4 Bf5 5. Bb3 h5 6. Ne2 Nh6 7. d3 Ng4 8. e6 fxe6 9. Bd2 a5 10. a4 Qd6 11. Ra2 g5 12. h3 Nf6 13. Bxg5 e5 14. O-O Nd5 15. Ng3 Qg6 16. Bh4 Be6 17. Qe1 Bg7 18. Nd2 Nf4 19. Nc4 Nd7 20. Ra3 Bxc4 21. Bxc4 Bf6 22. Bxf6 exf6 23. Qe4 O-O-O 24. Qxg6 Nxg6 25. Nf5 Nf4 26. g3 Nxh3+ 27. Kh2 Ng5 28. f4 exf4 29. gxf4 Nc5 30. fxg5 fxg5 31. Ne7+ Kd7 32. Ng6 Rhe8 33. Rf5 Re2+ 34. Kh1 Kd6 35. Rxg5 Rxc2 36. Rxh5 Re8 37. Ra1 Re3 38. Nf4 Rxb2 39. Rf1 Rg3 40. Rh7 Nxa4 41. Ne6 Rg4 42. Nd8 Kc5 43. Nxb7+ Kb6 44. Be6 Rg5 45. Bf5 Rb4 46. Nd6 Nc3 47. Nf7 Rg8 48. Be6 Rf8 49. Bc4 Rb2 50. Rg1 Rb8 51. Re1 Rb7 52. Rh6 Rc7 53. Re8 Ka7 54. Nd8 Kb6 55. Ree6 a4 56. Nxc6 Rb1+ 57. Kh2 Rb2+ 58. Kh3 Rb1 59. Nb4+ Ka5 60. Nc2 Rh1+ 61. Kg3 Rg7+ 62. Kf2 Rf7+ 63. Kg2 Rxh6 64. Rxh6 Rg7+ 65. Kf2 Ra7 66. Nxd4 Rg7 67. Nc2 Ra7 68. Ke1 Ra8 69. Rf6 a3 70. Nxa3 Na4 71. Bf7 Rh8 72. Rc6 Rh1+ 73. Kf2 Nb2 74. Bg6 Ka4 75. Nc4 Nxc4 76. Rxc4+ Kb5 77. Bf5 Rh8 78. Ke3 Rg8 79. Rg4 Re8+ 80. Re4 Rh8 81. Kd4 Kb4 82. Re5 Rh6 83. Ke3 Rc6 84. d4 Rh6 85. Re8 Kb5 86. Ke4 Rh1 87. Rc8 Rd1 88. Kd5 Ka6 89. Rg8 Ka5 90. Be4 Re1 91. Rb8 Rg1 92. Bf5 Rc1 93. Ke5 Re1+ 94. Kd6 Rf1 95. Bd3 Rc1 96. d5 Rh1 97. Kc5 Ka4 98. d6 Rc1+ 99. Bc4 Ka3 100. d7 Rd1 101. Bd5 Rc1+ 102. Kd6 Rg1 103. d8=Q Ka4 104. Qd7+ Ka3 105. Rb3+ Ka2 106. Qa7# { Black is checkmated } 1-0